AoeStats
← 可靠的同志

Pilgrims

507377945Analyzed
4v4 RM · 2mo ago on Sep 17, 2026· 79m 38s· 8 players
Game mode
Random Map
Map size
Large (8 player)
Population
200
Speed
Normal
Resources
Standard
Victory
Conquest
Starting age
Dark Age
Ending age
Imperial Age
RankedLock teamsTeams togetherTeam positionsShared explorationLock speedFull tech treeHidden civsTurbo modeCheats
Victory
Defeat
🇬🇧 Armenians · United Kingdom
1297
+15
🇨🇦 Dravidians · Canada
1289
+15
🇹🇼 Malians · Taiwan
1261
+17
🇨🇳 Maya · China
1238
+18
vs
🇦🇷 Dravidians · Argentina
1370
-19
🇨🇴 Ethiopians · Colombia
1285
-17
🇦🇷 Aztecs · Argentina
1237
-15
🇦🇷 Portuguese · Argentina
1214
-14
只會5TC
3:23 Loom
13:33 Feudal Age
17:07 Castle Age
15:01 Double-Bit Axe
15:09 Fishing Lines
16:04 Town Watch
17:00 Stone Mining
17:29 Horse Collar
18:22 Bow Saw
18:53 Stone Shaft Mining
19:02 Town Patrol
21:54 Squires
23:22 Wheelbarrow
26:39 Gold Mining
29:27 Forging
29:18 Scale Mail Armor
35:13 Fletching
35:30 Elite Skirmisher
36:15 Thumb Ring
39:51 Heavy Plow
42:45 Imperial Age
41:50 Gold Shaft Mining
43:36 Hand Cart
42:48 Onager
43:47 Bodkin Arrow
46:50 Conscription
46:32 Farimba
50:22 Iron Casting
49:52 Scale Barding Armor
49:54 Tigui
50:17 Husbandry
50:27 Bloodlines
49:39 Light Cavalry
52:23 Chain Barding Armor
53:55 Plate Barding Armor
64:28 Crop Rotation
GermanIvk052008
7:04 Loom
11:40 Feudal Age
milopokerboy
4:06 Loom
16:14 Feudal Age
21:06 Castle Age
21:36 Fletching
23:31 Bodkin Arrow
32:28 Wheelbarrow
32:14 Town Watch
33:20 Sanctity
34:16 Fervor
36:31 Redemption
40:28 Double-Bit Axe
44:47 Hand Cart
47:46 Imperial Age
49:08 Block Printing
49:34 Theocracy
50:21 Illumination
50:25 Conscription
50:48 Town Patrol
55:21 Bracer
57:08 Padded Archer Armor
58:04 Ballistics
60:55 Leather Archer Armor
62:42 Pikeman
63:22 Squires
66:03 Ring Archer Armor
65:35 Scale Mail Armor
65:45 Forging
66:08 Bow Saw
65:49 Gold Mining
69:20 Chain Mail Armor
69:41 Iron Casting
68:30 Halberdier
71:02 Iron Casting
73:17 Plate Mail Armor
73:47 Blast Furnace
73:50 Coinage
73:54 Arson
78:15 Banking
77:53 Elite Composite Bowman
80:36 Chemistry
79:51 Masonry
可靠的同志
10:24 Loom
12:10 Feudal Age
13:44 Double-Bit Axe
13:51 Gold Mining
14:33 Forging
17:16 Castle Age
15:19 Scale Mail Armor
16:41 Horse Collar
17:21 Town Watch
17:27 Arson
18:04 Squires
17:38 Eagle Warrior
19:40 Wheelbarrow
24:49 Bow Saw
24:43 Heavy Plow
28:23 Chain Mail Armor
30:00 Iron Casting
31:01 Stone Mining
32:01 Fletching
32:17 Padded Archer Armor
36:38 Masonry
36:49 Hand Cart
40:27 Imperial Age
39:15 Bodkin Arrow
40:20 Leather Archer Armor
40:30 Elite Eagle Warrior
42:14 Plate Mail Armor
42:45 Blast Furnace
42:21 Murder Holes
43:46 Chemistry
43:44 Holcans
44:28 Masonry
44:42 Ballistics
46:00 Conscription
47:26 Hoardings
48:28 Stone Shaft Mining
48:49 Elite Plumed Archer
50:05 Hoardings
52:35 Architecture
51:47 Treadmill Crane
56:05 Guilds
55:18 Pikeman
57:20 Hul'che Javelineers
57:21 Bracer
57:16 Halberdier
59:08 Elite Skirmisher
62:57 Thumb Ring
63:26 Bracer
69:10 Ring Archer Armor
69:20 Capped Ram
71:27 Siege Ram
74:59 Caravan
InSanit0
11:43 Feudal Age
10:02 Loom
11:51 Feudal Age
14:05 Double-Bit Axe
17:17 Castle Age
15:22 Fishing Lines
18:40 Gillnets
20:28 Scale Mail Armor
22:06 Chain Mail Armor
23:11 Forging
25:14 Iron Casting
29:39 Fortified Wall
29:39 Masonry
29:41 Careening
29:41 Clinker Construction
39:28 Wheelbarrow
40:04 Bow Saw
40:50 Hand Cart
43:30 Imperial Age
41:28 Town Watch
45:44 Two-Man Saw
48:44 Town Patrol
50:12 Fletching
50:23 Padded Archer Armor
50:58 Stone Mining
50:58 Gold Mining
51:45 Bodkin Arrow
52:07 Leather Archer Armor
52:23 Plate Mail Armor
53:48 Light Cavalry
54:28 Husbandry
54:35 Scale Barding Armor
55:35 Chain Barding Armor
57:14 Blast Furnace
55:53 Hussar
61:11 Bracer
61:40 Ballistics
62:26 Chemistry
61:28 Murder Holes
61:19 Crossbowman
63:00 Elite Skirmisher
63:46 Thumb Ring
64:12 Ring Archer Armor
68:46 Gold Shaft Mining
73:09 Conscription
73:40 Arbalester
74:04 Cavalier
77:39 Guilds
77:32 Caravan
RoseJaguar3606
8:23 Loom
14:25 Feudal Age
16:08 Double-Bit Axe
24:10 Castle Age
22:55 Fletching
24:02 Horse Collar
24:22 Crossbowman
28:19 Wheelbarrow
27:55 Bow Saw
29:07 Scale Mail Armor
30:43 Chain Mail Armor
30:49 Bodkin Arrow
38:27 Imperial Age
36:22 Chain Mail Armor
37:38 Forging
39:05 Hand Cart
39:46 Plate Mail Armor
39:39 Garland Wars
39:40 Squires
40:10 Heavy Plow
42:08 Iron Casting
42:43 Conscription
44:22 Blast Furnace
43:13 Elite Jaguar Warrior
45:47 Gold Mining
50:14 Arson
51:46 Gambesons
53:21 Crop Rotation
56:09 Bracer
59:44 Eagle Warrior
61:41 Stone Mining
62:27 Gold Shaft Mining
62:39 Pikeman
64:11 Elite Eagle Warrior
64:53 Padded Archer Armor
67:35 Coinage
Lyon28
5:47 Loom
13:21 Feudal Age
14:09 Double-Bit Axe
15:00 Fishing Lines
17:48 Wheelbarrow
21:14 Castle Age
19:47 Fletching
22:10 Medium Warships
21:51 Gillnets
23:11 Bow Saw
28:05 Imperial Age
28:32 Careening
28:33 Clinker Construction
28:05 Treadmill Crane
28:46 Ballistics
31:44 Hand Cart
31:15 Town Watch
35:12 Town Patrol
36:15 Stone Mining
36:16 Gold Mining
40:53 Chemistry
40:00 Siege Engineers
41:02 Two-Man Saw
40:23 Circumnavigation
40:46 Conscription
41:41 Stone Shaft Mining
41:40 Elite Organ Gun
52:36 Masonry
52:17 Guard Tower
54:15 Bombard Tower
54:46 Devotion
55:11 Sanctity
63:17 Cavalier
63:58 Husbandry
64:09 Bloodlines
64:55 Light Cavalry
68:33 Scale Barding Armor
74:31 Forging
74:43 Chain Barding Armor
78:17 Chain Barding Armor
78:33 Iron Casting
79:41 Plate Barding Armor
felixaleman1010
5:37 Loom
13:53 Feudal Age
18:10 Castle Age
17:12 Double-Bit Axe
17:09 Fishing Lines
19:22 Fletching
20:53 Bodkin Arrow
21:55 Coinage
23:31 Padded Archer Armor
28:29 Gillnets
29:08 Leather Archer Armor
29:16 Scale Barding Armor
30:46 Murder Holes
31:22 Ballistics
31:34 Bow Saw
33:05 Thumb Ring
36:10 Wheelbarrow
39:59 Imperial Age
37:18 Town Watch
39:16 Masonry
39:29 Chain Barding Armor
39:19 Forging
38:33 Pikeman
39:13 Squires
39:31 Scale Mail Armor
40:29 Medical Corps
41:18 Iron Casting
40:44 Bracer
41:12 Bracer
42:41 Conscription
42:38 Elite Elephant Archer
44:57 Siege Elephant
46:11 Ring Archer Armor
46:42 Blast Furnace
48:47 Chemistry
48:54 Chain Mail Armor
49:03 Husbandry
48:30 Light Cavalry
49:56 Hand Cart
54:18 Town Patrol
61:12 Halberdier
68:43 Plate Mail Armor
77:20 Elite Skirmisher
Connection lost

Rejoining the realm…

Still unreachable

The connection could not be restored.

Session expired

The server has moved on; the page needs a fresh start.